 Dungeon Crawl Stone Soup version 0.25.0-11-g1f837a7 (webtiles) character file.

Game seed: 15140988283787546198

158 Pestilence the Chopper (level 5, -7/45 HPs)
             Began as a Minotaur Fighter on June 24, 2020.
             Mangled by Pikel
             ... wielding a +1 whip of electrocution
              (19 damage)
             ... on level 4 of the Dungeon.
             The game lasted 00:00:49 (562 turns).

Pestilence the Chopper (Minotaur Fighter)            Turns: 562, Time: 00:00:50

Health: -7/45      AC:  6    Str: 22    XL:     5   Next: 16%
Magic:  4/4        EV:  7    Int:  5    God:
Gold:   30         SH:  9    Dex:  9    Spells: 4/4 levels left

rFire    . . .     SeeInvis .   a - +0 war axe
rCold    . . .     Gourm    .   c - +0 kite shield
rNeg     . . .     Faith    .   b - +0 scale mail
rPois    .         Spirit   .   (helmet restricted)
rElec    .         Reflect  .   (no cloak)
rCorr    .         Harm     .   (no gloves)
MR       .....                  (no boots)
Stlth    ..........             (no amulet)
HPRegen  0.15/turn              (no ring)
MPRegen  0.09/turn              (no ring)

@: mighty, hasted, very quick
A: retaliatory headbutt, horns 2
a: no special abilities


You were on level 4 of the Dungeon.
You were not hungry.

You visited 1 branch of the dungeon, and saw 3 of its levels.

You collected 30 gold pieces.

Inventory:

Hand Weapons
 a - a +0 war axe (weapon)
Armour
 b - a +0 scale mail (worn)
 c - a +0 kite shield (worn)
Scrolls
 h - a scroll of amnesia {unknown}
Comestibles
 f - a ration


   Skills:
 - Level 3.6 Fighting
 + Level 6.6 Axes
 - Level 3.6 Armour
 - Level 3.6 Shields


You had 4 spell levels left.
You didn't know any spells.
Your spell library was empty.

Dungeon Overview and Level Annotations

Branches:
Dungeon (2/15)

Altars:
Dithmenos
Ru

Annotations:
D:4 Pikel


Innate Abilities, Weirdness & Mutations

You reflexively headbutt those who attack you in melee.
You have a pair of horns on your head.


Message History

The orc priest hits you but does no damage.
The slave hits you but does no damage.
Unknown command.
You are too injured to fight recklessly!
Unknown command.
You slice the orc priest!!
You kill the orc priest!
You have reached level 5!
You barely miss the slave. The slave hits you.
* * * LOW HITPOINT WARNING * * *
You slash the orc!
You kill the orc!
You hit the slave.
You are too injured to fight recklessly!
Unknown command.
You block the slave's attack.
Pikel hits you with a +1 whip of electrocution.
* * * LOW HITPOINT WARNING * * *
You are electrocuted!!
You die...

#.............#
####.............#
#...............#
#...............#
#...............##8.
+............(..##..
#.....######.##.#_.
###.....# #.# .
........## #@####
#######..# #pKp.#
###'## #.pp.#
######....#
#........
#.........#
#........
#.........#
#.§......
#.....(...#
§.§###...
#.....##'## .§§≈ ##.
#.....##..# §§§≈


You could see Pikel and 4 slaves.

Vanquished Creatures
  2 orc wizards (D:4)
  2 orc priests (D:4)
  3 adders
  5 orcs (D:4)
  A bat (D:1)
  A goblin (D:1)
  A kobold (D:2)
  A rat (D:2)
16 creatures vanquished.

Notes
Turn   | Place    | Note
-------+----------+-------------------------------------------
     0 | D:1      | Pestilence the Minotaur Fighter began the quest for the
                  | Orb.
     0 | D:1      | Reached XP level 1. HP: 19/19 MP: 0/0
   120 | D:2      | Reached skill level 3 in Axes
   120 | D:2      | Reached XP level 2. HP: 16/26 MP: 1/1
   251 | D:2      | You fall into a shaft and drop 2 floors!
   255 | D:4      | Found a sacrificial altar of Ru.
   273 | D:4      | Reached skill level 4 in Axes
   274 | D:4      | Reached skill level 5 in Axes
   274 | D:4      | Reached XP level 3. HP: 18/31 MP: 2/2
   541 | D:4      | Found a shadowy altar of Dithmenos.
   545 | D:4      | Noticed a slave
   546 | D:4      | Noticed Pikel
   552 | D:4      | Reached XP level 4. HP: 14/39 MP: 3/3
   553 | D:4      | Reached skill level 6 in Axes
   554 | D:4      | Noticed a slave
   554 | D:4      | Noticed a slave
   555 | D:4      | Noticed a slave
   559 | D:4      | Reached XP level 5. HP: 14/45 MP: 4/4
   562 | D:4      | Mangled by Pikel

Illustrated notes

Levels and vault maps discovered:
D:1:      scummos_arrival_forest, layout_basic
D:2:      layout_basic, grunt_dithmenos_smoke, uniq_robin, uniq_terence,
          uniq_natasha
D:4:      layout_basic, nicolae_overflow_crystal_walls,
          nicolae_overflow_hidden_temple, minmay_temple_entry_fiery,
          nicolae_ossuary_entry_giza, nicolae_ru_sacrificial_ziggurat,
          uniq_pikel

Skill      XL: |  1  2  3  4 |
---------------+-------------+-----
Axes           | 3 5 6 |  6.6
Fighting       | |  3.6
Armour         | |  3.6
Shields        | |  3.6

Action                   |  1- 3 |  4- 6 || total
-------------------------+-------+-------++-------
Melee: War axe           |    28 |     7 ||    35
       Headbutt          |     6 |       ||     6
  Use: Scroll            |     2 |       ||     2
       Potion            |     2 |       ||     2
Armor: Scale mail        |    11 |     3 ||    14
Dodge: Dodged            |    12 |     3 ||    15
Block: Kite shield       |    16 |     2 ||    18
